 Dungeon Crawl Stone Soup version 0.31-a0-175-g9f7f995f2b (webtiles) character file.

Game seed: 8650216246176043771

4193 Pooter the Cleaver (level 10, -1/88 HPs)
             Began as a Minotaur Berserker on June 18, 2023.
             Was a Priest of Trog.
             Slain by a rust devil (6 damage)
             ... summoned by a kobold demonologist
             ... on level 7 of the Dungeon.
             The game lasted 00:31:47 (7210 turns).

Pooter the Cleaver (Minotaur Berserker)             Turns: 7210, Time: 00:31:48

Health: -1/88      AC:  2    Str: 24    XL:     10   Next: 8%
Magic:  0/9        EV: 10    Int:  4    God:    Trog [***...]
Gold:   613        SH:  0    Dex: 12    Spells: 9/9 levels left

rFire   . . .        a - +3 broad axe
rCold   . . .        (no shield)
rNeg    + . .        F - +1 scale mail "Vitew" {-Tele rN+ rCorr SInv}
rPois   .            (helmet restricted)
rElec   .            k - +0 cloak
rCorr   +            (no gloves)
SInv    +            e - +1 pair of boots
Will    .....        G - amulet of guardian spirit
Stlth   ++           (no ring)
HPRegen 0.34/turn    (no ring)
MPRegen 0.11/turn

%: no teleportation, guardian spirit
@: weak-willed, spiked, corroded, on berserk cooldown, slowed, very slow
A: horns 2, retaliatory headbutt
a: Renounce Religion, Berserk, Trog's Hand


You were on level 7 of the Dungeon.
You worshipped Trog.
Trog was most pleased with you.
You visited 1 branch of the dungeon, and saw 7 of its levels.
You also visited: Sewer.

You collected 815 gold pieces.
You spent 202 gold pieces at shops.

Inventory:

Hand Weapons
 a - a +3 broad axe (weapon)
   (You found it on level 1 of the Dungeon)
 b - a +0 shortbow
   (You found it on level 5 of the Dungeon)
 J - a +1 halberd of flaming
   (You took it off a gnoll on level 6 of the Dungeon)
 M - a +4 war axe
   (You took it off a wight on level 7 of the Dungeon)
Missiles
 f - 13 poisoned darts (quivered)
 m - 3 javelins
 D - 6 boomerangs
 H - 2 throwing nets {!f}
 Q - 48 stones
Armour
 e - a +1 pair of boots (worn)
   (You found it on level 1 of the Dungeon)
 i - a +0 chain mail
   (You took it off an orc on level 6 of the Dungeon)
 k - a +0 cloak (worn)
   (You found it on level 2 of the Dungeon)
 F - the +1 scale mail "Vitew" (worn) {-Tele rN+ rCorr SInv}
   (You found it on level 7 of the Dungeon)

   rN:        It protects you from negative energy.
   SInv:      It lets you see invisible.
   -Tele:     It prevents most forms of teleportation.
   rCorr:     It protects you from acid and corrosion.
Jewellery
 G - an amulet of guardian spirit (around neck)
   (You found it on level 2 of the Dungeon)
Wands
 x - a wand of polymorph (19)
   (You found it on level 3 of the Dungeon)
 K - a wand of mindburst (8)
   (You found it on level 4 of the Dungeon)
Scrolls
 c - 3 scrolls of immolation {!r}
 g - 4 scrolls of enchant armour
 n - 2 scrolls of fog
 o - a scroll of amnesia {unknown}
 r - a scroll of poison {!r}
 s - a scroll of brand weapon {unknown}
 t - 3 scrolls of teleportation {@r4}
 u - 2 scrolls of vulnerability {!r}
 v - a scroll of revelation
 z - 2 scrolls of fear {unknown}
 A - a scroll of butterflies {unknown}
 L - a scroll of blinking
Potions
 d - a potion of resistance {unknown}
 h - 2 potions of invisibility {unknown}
 j - 3 potions of mutation {!q}
 l - a potion of haste {unknown}
 p - 3 potions of might {unknown}
 q - a potion of magic {unknown}
 w - 4 potions of curing {@q1}
 y - 3 potions of attraction {unknown}
 B - a potion of lignification {unknown}
 C - 3 potions of heal wounds {unknown}
 E - 2 potions of enlightenment {unknown}
 I - a potion of degeneration {unknown}


   Skills:
 + Level 7.9 Fighting
 * Level 10.9 Axes
 * Level 9.0 Ranged Weapons
 - Level 2.4 Armour
 - Level 2.1 Dodging
 + Level 5.4 Stealth


You had 9 spell levels left.
You didn't know any spells.
Your spell library was empty.

Dungeon Overview and Level Annotations

Branches:
Dungeon (7/15)             Temple (0/1) D:4           Sewer (visited)

Altars:
Dithmenos
Kikubaaqudgha
Okawaru
Ru
Uskayaw

Shops:
D:6 (   D:7 ?


Innate Abilities, Weirdness & Mutations

You have a pair of horns on your head.
You reflexively headbutt those who attack you in melee.


Message History

The kobold demonologist casts a spell.
The gnoll bouda hits you but does no damage.
You closely miss the gnoll bouda.
You headbutt the gnoll bouda, but do no damage.
The gnoll bouda hits you with a +0 club.
The kobold demonologist begins to cast a cantrip, but forgets the words!
The gnoll bouda hits you with a +0 club!
The kobold demonologist looks encouraged for a moment.
You hit the gnoll bouda. You headbutt the gnoll bouda.
Your attacks no longer feel as feeble.
Your skin stops crawling.
You feel less strong-willed.
The gnoll bouda hits you but does no damage.
You hit the gnoll bouda but do no damage.
You slash the rust devil!
The gnoll bouda hits you with a +0 club.
The kobold demonologist looks encouraged for a moment.
The rust devil hits you.
The gnoll bouda hits you but does no damage.
The kobold demonologist casts a spell.
The rust devil hits you.
* * * LOW MAGIC WARNING * * *
* * * LOW HITPOINT WARNING * * *
Unknown command.
You hit the gnoll bouda. You headbutt the gnoll bouda!
You kill the gnoll bouda!
Trog accepts your kill.
You slash the rust devil!
The kobold demonologist looks encouraged for a moment.
The rust devil hits you. The rust devil corrodes you!
The red devil closely misses you.
You hit the kobold demonologist but do no damage.
Your headbutt misses the kobold demonologist.
Your punch misses the kobold demonologist.
You hit the rust devil. The rust devil hits you. The rust devil corrodes you!
The red devil hits you from afar with a +0 trident!
* * * LOW HITPOINT WARNING * * *
Barbed spikes become lodged in your body.
The kobold demonologist hits you with a +1 heavy quarterstaff!!
* * * LOW MAGIC WARNING * * *
* * * LOW HITPOINT WARNING * * *
The rust devil misses you.
The red devil hits you from afar with a +0 trident!
* * * LOW MAGIC WARNING * * *
* * * LOW HITPOINT WARNING * * *
Barbed spikes become lodged in your body.
You slash the kobold demonologist!
Your headbutt misses the kobold demonologist.
You hit the rust devil but do no damage.
The rust devil hits you.
You die...

.....# #.##
#.........)###
.....###.#
#............#
≈≈≈......#
############.#
.....##### #.##
≈≈≈..# #..# ###.##
##### ##.# #.#
##...#####.## ###.#
#...†'.#.#..# ....#
#@####..###.##
....#
#.4K4...#...##..#
....#
#.⌠...⌠.##†####.#
....#
#....⌠..##.888#.#
##..#
.'...⌠...#8)).†'.#
#..#
.##..⌠....##[888###
#..# .
#.⌠...⌠.##'####
##..# #.......#...
....# #..##


You could see a rust devil (summoned), a kobold demonologist (weak-willed) and a
red devil (summoned).

Vanquished Creatures
  A gargoyle (D:7)
  A troll (D:7)
  Prince Ribbit (D:5)
  A slime creature (D:7)
  A wyvern (D:7)
  A yak (D:7)
  A steam dragon (D:7)
  2 water moccasins
  Duvessa (D:6)
  A black bear (D:5)
  4 ogres
  A centaur (D:7)
  2 phantoms
  4 bullfrogs
  2 gnoll sergeants (D:6)
  2 scorpions
  A wight (D:7)
  7 killer bees (D:7)
  3 howler monkeys
  2 jellies
  3 orc priests
  A gnoll bouda (D:7)
  5 hounds
  3 sleepcaps
  5 iguanas
  4 orc wizards
  A hell rat (Sewer)
  9 adders
  12 gnolls (D:6)
  2 river rats (Sewer)
  3 white imps
  3 ufetubi
  A dart slug (D:4)
  11 orcs
  6 ball pythons
  4 bats
  8 endoplasms
  4 giant cockroaches
  5 hobgoblins
  A jackal (D:1)
  5 quokkas
  2 frilled lizards (D:3)
  7 goblins
  9 kobolds
  11 rats
164 creatures vanquished.

Vanquished Creatures (others)
  An orc wizard (D:6)
1 creature vanquished.

Grand Total: 165 creatures vanquished

Notes
Turn   | Place    | Note
-------+----------+-------------------------------------------
     0 | D:1      | Pooter the Minotaur Berserker began the quest for the Orb.
     0 | D:1      | Reached XP level 1. HP: 19/19 MP: 0/0
   330 | D:1      | Reached XP level 2. HP: 26/27 MP: 1/1
   332 | D:1      | Reached skill level 4 in Axes
   339 | D:1      | Reached skill level 1 in Stealth
  1018 | D:2      | Reached XP level 3. HP: 30/33 MP: 2/2
  1775 | D:3      | Reached ** piety under Trog
  2266 | D:4      | Found a glowing drain.
  2272 | D:4      | Reached XP level 4. HP: 36/40 MP: 3/3
  2292 | D:4      | Reached skill level 1 in Ranged Weapons
  2324 | D:4      | Reached skill level 5 in Axes
  2373 | Sewer    | Entered a sewer
  2381 | Sewer    | Reached XP level 5. HP: 47/47 MP: 4/4
  2756 | D:4      | Reached XP level 6. HP: 52/53 MP: 5/5
  2806 | D:4      | Reached skill level 6 in Axes
  2811 | D:4      | HP: 2/82 [something/magic dart (7)]
  2903 | D:4      | Reached skill level 5 in Fighting
  3217 | D:4      | Found a staircase to the Ecumenical Temple.
  3227 | D:4      | Reached XP level 7. HP: 61/61 MP: 6/6
  3512 | D:4      | Found a faded altar of an unknown god.
  3512 | D:4      | Found a sacrificial altar of Ru.
  3520 | D:4      | Found an ancient bone altar of Kikubaaqudgha.
  3522 | D:4      | Found a hide-covered altar of Uskayaw.
  3524 | D:4      | Found a faded altar of an unknown god.
  3657 | D:5      | Entered Level 5 of the Dungeon
  3940 | D:5      | Reached skill level 7 in Axes
  4029 | D:5      | Noticed Prince Ribbit
  4045 | D:5      | Killed Prince Ribbit
  4046 | D:5      | Reached skill level 5 in Ranged Weapons
  4046 | D:5      | Reached XP level 8. HP: 27/70 MP: 2/7
  4390 | D:5      | Found an iron altar of Okawaru.
  4696 | D:6      | Reached skill level 8 in Axes
  4893 | D:6      | Found Ojefror's Weapon Shop.
  4934 | D:6      | Reached *** piety under Trog
  5055 | D:6      | Found a shadowy altar of Dithmenos.
  5285 | D:6      | Noticed Dowan
  5286 | D:6      | Dowan changed into Dowan the ball python
  5286 | D:6      | Noticed Dowan
  5288 | D:6      | Killed Dowan the ball python
  5289 | D:6      | Noticed Duvessa
  5299 | D:6      | Killed Duvessa
  5300 | D:6      | Reached skill level 9 in Axes
  5609 | D:6      | Reached XP level 9. HP: 78/78 MP: 8/8
  6338 | D:7      | Found Koeck's Magic Scroll Boutique.
  6353 | D:7      | Bought a scroll of identify for 30 gold pieces
  6353 | D:7      | Bought a scroll of identify for 30 gold pieces
  6353 | D:7      | Bought a scroll of identify for 30 gold pieces
  6353 | D:7      | Bought a scroll of blinking for 112 gold pieces
  6667 | D:7      | Identified the +1 scale mail "Vitew" {-Tele rN+ rCorr SInv}
  6781 | D:7      | Reached skill level 10 in Axes
  7054 | D:7      | Reached skill level 5 in Stealth
  7182 | D:7      | Noticed a gargoyle
  7182 | D:7      | Noticed a troll
  7189 | D:7      | Killed a gargoyle
  7199 | D:7      | Reached XP level 10. HP: 88/88 MP: 6/9
  7205 | D:7      | Noticed a rust devil
  7209 | D:7      | HP: 4/88 [red devil/+0 trident[a kobold demonologist] (14)]
  7210 | D:7      | Slain by a rust devil

Illustrated notes

Levels and vault maps discovered:
D:1:      psy_arrival_basics, layout_loops_corners, minmay_three_crescents
D:2:      layout_basic
D:3:      layout_rooms, minmay_increasing_density
D:4:      minmay_polygon_palace, layout_basic,
          chequers_temple_overflow_minitemple, temple_fountains, serial_rivers,
          chequers_serial_rivers_small_3, chequers_serial_rivers_large_a,
          chequers_serial_rivers_small_b, chequers_serial_rivers_small_a,
          gup_sewer_entry_glass, uniq_menkaure
D:5:      layout_loops_ring, lemuel_crystal_altar, uniq_prince_ribbit1
D:6:      layout_cave_pods, nicolae_dithmenos_shadow_blocks, serial_shops, shop,
          st_stairs_4, kennysheep_generic_room_11, uniq_duvessa
D:7:      minmay_chambers_of_sevens, layout_basic, serial_rivers,
          chequers_serial_rivers_micro_d, chequers_serial_rivers_small_a,
          chequers_serial_rivers_micro_b, chequers_serial_rivers_micro_b,
          serial_shops, shop_coins, minmay_misc_feat_pillars,
          grunt_decor_arrowhead, kennysheep_pointless_box, minivault_24,
          minmay_crossroads

Skill      XL: |  1  2  3  4  5  6  7  8  9 10 |
---------------+-------------------------------+-----
Axes           | 4 5 6 7 9 10 | 10.9
Stealth        | 1 2 3 4 5 |  5.4
Fighting       | 4 5 6 7 |  7.9
Ranged Weapons | 1 2 3 5 6 8 9 |  9.0
Armour         | |  2.4
Dodging        | |  2.1

Action                     |  1- 3 |  4- 6 |  7- 9 | 10-12 || total
---------------------------+-------+-------+-------+-------++-------
  Melee: Hand axe          |    38 |       |       |       ||    38
         Headbutt          |    10 |    10 |    34 |     3 ||    57
         Broad axe         |    54 |    64 |   169 |    10 ||   297
         Punch             |     1 |       |     2 |       ||     3
   Fire: Sling             |    15 |    13 |     6 |       ||    34
         Shortbow          |       |       |    64 |       ||    64
  Throw: Dart              |       |       |     1 |       ||     1
 Invoke: Berserk           |       |     2 |     9 |       ||    11
         Trog's Hand       |       |       |     6 |       ||     6
  Evoke: Wand              |       |       |     4 |       ||     4
    Use: Scroll            |     5 |     3 |     4 |     1 ||    13
   Stab: Sleeping          |     1 |     1 |       |       ||     2
 Armour: Animal skin       |    32 |    48 |       |       ||    80
         Scale mail        |       |       |    71 |     9 ||    80
         Chain mail        |       |       |     2 |       ||     2
  Dodge: Dodged            |    67 |    67 |   103 |     8 ||   245

Table legend: (Time is in decaauts)
 A = Elapsed time spent in this place.
 B = Non-inter-level travel time spent in this place.
 C = Inter-level travel time spent in this place.
 D = Time resting spent in this place.
 E = Time spent auto-exploring this place.
 F = Levels seen in this place.
 G = Mean time per level.
                   A        B        C        D        E       F      G
               +--------+--------+--------+--------+--------+-----+--------+
         Total |   7412 |   7109 |    303 |   1401 |   4398 |   8 |  926.5 |
       Dungeon |   7199 |   6896 |    303 |   1298 |   4335 |   7 | 1028.4 |
         Sewer |    213 |    213 |      0 |    102 |     63 |   1 |  213.0 |
               +--------+--------+--------+--------+--------+-----+--------+

Top non-repeatable levels by time:
     D:7: 1325 daAuts
     D:6: 1294 daAuts
     D:4: 1132 daAuts
     D:5: 1045 daAuts
     D:1: 998 daAuts
     D:3: 724 daAuts
     D:2: 679 daAuts
   Sewer: 213 daAuts
